 Dungeon Crawl Stone Soup version 0.27.1-34-g3ba077fa99 (webtiles) character file.

Game seed: 6330298268710232143

103733 belegose the Fighter (level 16, -2/153 HPs)
             Began as an Ogre Hedge Wizard on Jan 26, 2022.
             Was the Champion of Hepliaklqana.
             Slain by a sixfirhy (13 damage)
             ... summoned by an obsidian statue
             ... in an ice cave.
             The game lasted 04:00:16 (40087 turns).

belegose the Fighter (Ogre Hedge Wizard)           Turns: 40087, Time: 04:00:16

Health: -2/153     AC:  1    Str: 18    XL:     16   Next: 36%
Magic:  28/29      EV: 10    Int: 20    God:    Hepliaklqana [******]
Gold:   1562       SH: 10    Dex:  8    Spells: 9/34 levels left

rFire    + . .     SeeInvis .   P - staff of air
rCold    + . .     Faith    .   r - +0 kite shield
rNeg     . . .     Spirit   .   Q - +0 troll leather armour
rPois    +         Reflect  .   c - +0 hat
rElec    +         Harm     .   e - scarf {rC+ rF+}
rCorr    .         Rampage  .   (gloves unavailable)
Will     ++...                  (boots unavailable)
Stlth    +.........             x - amulet of regeneration
HPRegen  2.35/turn              X - ring of poison resistance
MPRegen  0.21/turn              v - ring of willpower

@: corroded
A: reduced essence, large, unfitting armour, tough skin 1
a: Renounce Religion, Recall Ancestor, Ancestor Identity, Transference, Idealise


You were in an ice cave.
You worshipped Hepliaklqana.
Hepliaklqana was exalted by your worship.
You visited 4 branches of the dungeon, and saw 24 of its levels.
You also visited: Sewer, Ossuary, Gauntlet and Ice Cave.

You collected 3371 gold pieces.
You spent 1809 gold pieces at shops.

Inventory:

Hand Weapons
 a - the +9 demon trident of Trauma {elec, Dex+4}
   (You acquired it on level 14 of the Dungeon)

   It occasionally discharges a powerful burst of electricity upon striking a
   foe.
   Dex:       It affects your dexterity (+4).
 h - a +1 scimitar of flaming
Missiles
 w - a throwing net
 z - 9 curare-tipped darts
 H - 119 poisoned darts
 L - 23 javelins
 V - 62 boomerangs (quivered)
Armour
 c - a +0 hat (worn)
 e - a scarf of resistance (worn)
 f - +0 acid dragon scales
 r - a +0 kite shield (worn)
 Q - a +0 troll leather armour (worn)
Magical Staves
 P - a staff of air (weapon)
Jewellery
 i - a ring of ice
 l - a ring of fire
 v - a ring of willpower (right hand)
 x - an amulet of regeneration (around neck)
 N - a ring of fire
 X - a ring of poison resistance (left hand)
Wands
 p - a wand of polymorph (31)
 D - a wand of acid (7)
 J - a wand of mindburst (2)
 M - a wand of flame (135)
 S - a wand of iceblast (4)
 T - a wand of paralysis (4)
Scrolls
 g - 5 scrolls of blinking
 n - 12 scrolls of teleportation
 q - 6 scrolls of fear
 u - 2 scrolls of enchant armour
 y - 2 scrolls of identify
 B - 4 scrolls of fog
 K - 3 scrolls of magic mapping
 O - a scroll of enchant weapon
Potions
 d - 4 potions of magic
 k - 4 potions of lignification
 m - 2 potions of resistance
 s - 3 potions of might
 t - 3 potions of berserk rage
 C - 4 potions of flight
 E - 14 potions of curing
 F - 4 potions of ambrosia
 G - 6 potions of haste
 I - 3 potions of heal wounds
 R - a potion of mutation
Miscellaneous
 o - a lightning rod (4/4)
 A - a condenser vane
 Z - a tin of tremorstones (inert)


   Skills:
 + Level 13.3 Fighting
 - Level 3.2 Short Blades
 - Level 3.4 Maces & Flails
 + Level 8.6 Polearms
 - Level 8.0 Throwing
 - Level 5.0 Armour
 - Level 5.0 Dodging
 - Level 1.7 Stealth
 - Level 9.0 Shields
 + Level 9.6 Spellcasting
 - Level 5.0 Conjurations
 - Level 7.0 Summonings
 + Level 8.3 Necromancy
 - Level 4.0 Translocations
 - Level 7.0 Air Magic
 - Level 5.0 Poison Magic
 - Level 8.0 Invocations
 - Level 5.0 Evocations


You had 9 spell levels left.
You knew the following spells:

 Your Spells              Type           Power      Damage    Failure   Level
a - Magic Dart            Conj           100%       1d8       1%          1
b - Call Imp              Summ           37%        N/A       1%          2
c - Blink                 Tloc           N/A        N/A       2%          2
d - Poisonous Vapours     Pois/Air       100%       N/A       1%          2
e - Mephitic Cloud        Conj/Pois/Air  48%        N/A       2%          3
f - Animate Skeleton      Necr           84%        N/A       1%          1
g - Vampiric Draining     Necr           21%        2d9       1%          3
h - Summon Lightning Spi  Summ/Air       54%        N/A       4%          4
i - Swiftness             Air            54%        N/A       1%          3
j - Animate Dead          Necr           21%        N/A       2%          4

Your spell library contained the following spells:

 Spells                   Type           Power      Damage    Failure   Level
 Apportation              Tloc           50%        N/A       1%          1
 Pain                     Necr           100%       1d9       1%          1
 Shock                    Conj/Air       100%       1d9       1%          1
 Summon Small Mammal      Summ           100%       N/A       1%          1
 Corpse Rot               Necr/Air       N/A        N/A       1%          2
 Gell's Gravitas          Tloc           12%        N/A       4%          3
 Lesser Beckoning         Tloc           12%        N/A       4%          3
 Teleport Other           Tloc           25%        N/A       4%          3
 Airstrike                Air            27%        N/A       4%          4
 Corona                   Hex            10%        N/A       9%          1
 Sandblast                Erth           18%        2d7       9%          1
 Spider Form              Tmut/Pois      9%         N/A       9%          3
 Conjure Flame            Conj/Fire      19%        6-21      10%         3
 Dazzling Flash           Conj/Hex       38%        N/A       10%         3
 Ensorcelled Hibernation  Hex/Ice        18%        N/A       13%         2
 Passwall                 Tmut/Erth      7%         N/A       13%         2
 Slow                     Hex            9%         N/A       13%         2
 Ignite Poison            Fire/Tmut/Pois 16%        N/A       13%         3
 Iskenderun's Mystic Bla  Conj/Tloc      27%        2d7       14%         4
 Summon Ice Beast         Ice/Summ       23%        N/A       21%         4
 Confusing Touch          Hex            9%         N/A       26%         3
 Frozen Ramparts          Ice            18%        1d3       26%         3
 Borgnjor's Vile Clutch   Necr/Erth      13%        N/A       41%         5
 Death Channel            Necr           21%        N/A       41%         6
 Freezing Cloud           Conj/Ice/Air   19%        6-21      43%         5
 Manifold Assault         Tloc           25%        N/A       43%         5
 Shadow Creatures         Summ           N/A        N/A       58%         6
 Ice Form                 Ice/Tmut       9%         N/A       65%         4
 Bolt of Magma            Conj/Fire/Erth 8%         4d6       77%         5
 Lee's Rapid Deconstruct  Erth           4%         3d6*      94%         5
 Yara's Violent Unravell  Hex/Tmut       4%         3d4       94%         5
 Starburst                Conj/Fire      9%         6d5       99%         6
 Storm Form               Tmut/Air       17%        N/A       100%        7
 Maxwell's Capacitive Co  Air            27%        ∞         100%        8


Dungeon Overview and Level Annotations

Branches:
Dungeon (15/15)            Temple (1/1) D:7            Lair (6/6) D:8
 Shoals (0/4) Lair:4        Snake (0/4) Lair:3        Slime (0/5) Lair:5
    Orc (2/2) D:9             Elf (0/3) Orc:2        Vaults (0/5) D:14
 Depths (0/5) D:15          Sewer (visited)         Ossuary (visited)
  IceCv (1/1)             Gauntlet (visited)

Altars:
Ashenzari
Cheibriados
Dithmenos
Elyvilon
Fedhas
Gozag
Hepliaklqana
Kikubaaqudgha
Makhleb
Nemelex Xobeh
Okawaru
Qazlal
Ru
Sif Muna
Trog
Uskayaw
Vehumet
Wu Jian
Xom
Yredelemnul
Zin
The Shining One
Beogh

Shops:
D:9 *   Orc:1 *   Orc:2 !:(=

Portals:
Trove: D:11 (give +6 ice dragon scales)

Annotations:
D:3 Sigmund
D:6 exclusion: downstairs
D:9 3 runed translucent doors, exclusion: 3 doors, lazarouslive's ghost, novice DDBe
D:15 exclusion: ice statue
Lair:1 3 runed translucent doors, exclusion: 3 doors, Fractals's ghost, journeyman KoBe IceCv exclusion: obsidian statue


Innate Abilities, Weirdness & Mutations

Your life essence is reduced to manifest your ancestor. (-10% HP)
You are too large for most types of armour.
You have tough skin. (AC +1)


Message History

Unknown command.
The +9 demon trident of Trauma {elec, Dex+4} stops crackling.
P - a staff of air (weapon)
Cast which spell? (? or * to list)
Okay, then.
Unknown command.
Aiming: Mindburst
Press: ? - help, Shift-Dir - straight line, f - sixfirhy
Aim: a sixfirhy (summoned, chance to affect: 51%)
The sixfirhy's mind is blasted!!
Unknown command.
Aiming: Mindburst
Press: ? - help, Shift-Dir - straight line, f/p - sixfirhy
Aim: a sixfirhy (severely wounded, summoned, chance to affect: 51%)
The sixfirhy resists with significant effort.
The sixfirhy hits you!
* * * LOW HITPOINT WARNING * * *
The sixfirhy shocks you. You resist.
* * * LOW HITPOINT WARNING * * *
The sixfirhy hits you.
* * * LOW HITPOINT WARNING * * *
The sixfirhy shocks you. You resist.
* * * LOW HITPOINT WARNING * * *
Unknown command.
Aiming: Mindburst
Press: ? - help, Shift-Dir - straight line, f/p - sixfirhy
Aim: a sixfirhy (severely wounded, summoned, chance to affect: 51%)
The sixfirhy resists with significant effort.
The sixfirhy closely misses you. x2; The sixfirhy hits you.
* * * LOW HITPOINT WARNING * * *
The sixfirhy shocks you. You resist.
* * * LOW HITPOINT WARNING * * *
The sixfirhy closely misses you.
Unknown command.
Aiming: Mindburst
Press: ? - help, Shift-Dir - straight line, f/p - sixfirhy
Aim: a sixfirhy (heavily wounded, summoned, chance to affect: 51%)
The sixfirhy resists with significant effort.
You block the sixfirhy's attack. The sixfirhy hits you!
You die...

#####...##
##∩.......#
#......#..#
#....###..#
#∩#.###..##
#######...#
##.##
##..##
#...###..##
##4@....##
#53#....#
#.5###.##
#.######
#3.##3##
##..4..##(#
##..58..#
####5.#..#
#.#


You could see a soul eater (summoned), a rust devil (summoned), a sixfirhy
(summoned), a quasit (summoned) and an ufetubus (summoned).

Vanquished Creatures
  Frances (D:13)
  Nessos (D:13)
  Snorg (Lair:6)
  5 boulder beetles
  2 hydras
  A catoblepas (Lair:3)
  7 centaur warriors
  A death knight (D:12)
  Erica (D:9)
  7 two-headed ogres
  2 dancing weapons (D:14)
  Urug (Orc:2)
  3 tengu warriors
  A skeletal warrior (D:14)
  A deep elf pyromancer (D:12)
  3 orc knights
  2 wolf spiders (Lair:6)
  4 ugly things
  A manticore (D:13)
  2 cyclopes (D:14)
  Maurice (D:8)
  7 elephants
  5 black mambas
  2 gargoyles (D:12)
  An ice statue (D:15)
  10 cane toads
  A torpor snail (Lair:4)
  A rime drake (Lair:4)
  3 kobold demonologists (D:12)
  6 komodo dragons
  An efreet (D:13)
  A rime drake (shapeshifter) (D:14)
  An entropy weaver simulacrum (IceCv)
  3 tengu conjurers (D:12)
  7 trolls
  A merfolk (Lair:4)
  3 hornets
  A hornet (shapeshifter) (D:14)
  13 blink frogs
  A blink frog (shapeshifter) (D:14)
  9 slime creatures
  2 dream sheep (Lair:4)
  3 shadows
  A vampire (D:13)
  6 wyverns
  A centaur simulacrum (D:14)
  2 wraiths
  33 yaks
  Eustachio (D:4)
  2 basilisks
  A spriggan simulacrum (IceCv)
  A dire elephant simulacrum (IceCv)
  4 vampire mosquitoes (D:10)
  7 wargs
  3 acid dragons
  8 water moccasins
  A black bear (Lair:3)
  2 hell hounds (D:12)
  A hornet zombie (D:5)
  A sky beast (Lair:6)
  2 necrophages
  30 orc warriors
  An alligator simulacrum (IceCv)
  15 wolves
  4 ogres
  A phantom (D:7)
  24 centaurs
  3 kobold brigands
  7 bullfrogs
  8 gnoll sergeants
  A wyvern zombie (D:9)
  A scorpion (D:6)
  2 deep troll simulacra (IceCv)
  A water moccasin zombie (D:7)
  3 water moccasin skeletons
  A killer bee (D:9)
  6 wights
  4 howler monkeys
  3 electric eels
  A nameless horror (D:13)
  3 centaur zombies
  A bullfrog zombie (D:6)
  8 orc priests
  2 jellies
  2 gnoll shamans
  A bullfrog skeleton (D:5)
  2 hounds (D:8)
  Jessica (D:3)
  2 iguanas (D:6)
  9 orc wizards
  8 gnolls
  A howler monkey skeleton (D:4)
  9 adders
  A river rat (D:3)
  A shadow imp (D:6)
  2 white imps
  3 ufetubi
  An adder zombie (Ossuary)
  An adder skeleton (D:4)
  3 worms
  2 dart slugs
  76 orcs
  4 bats
  6 endoplasms
  7 giant cockroaches
  4 goblins
  10 hobgoblins
  4 jackals (D:2)
  5 quokkas
  9 ball pythons
  3 ball python skeletons (Ossuary)
  8 frilled lizards
  2 hobgoblin zombies (Ossuary)
  15 kobolds
  A kobold zombie (Ossuary)
  10 rats
550 creatures vanquished.

Vanquished Creatures (collateral kills)
  Jorgrun (D:12)
  A minotaur (Gauntlet)
  Fannar (D:12)
  A boulder beetle (D:14)
  A catoblepas (Lair:5)
  5 hydras
  5 two-headed ogres
  2 orc knights
  2 ugly things (D:13)
  2 merfolk sirens (Lair:4)
  12 elephants
  A cyclops (D:12)
  A centaur zombie (D:10)
  A guardian serpent (Lair:6)
  7 cane toads
  4 black mambas
  A gargoyle (D:10)
  A torpor snail (Lair:5)
  2 rime drakes (Lair:4)
  3 komodo dragons
  4 kobold demonologists (D:12)
  2 tengu conjurers (D:12)
  An unseen horror (D:12)
  3 trolls (D:12)
  A merfolk (Lair:4)
  6 blink frogs
  A raiju (D:12)
  10 slime creatures
  2 dream sheep (Lair:4)
  A shadow (D:11)
  8 wyverns
  21 yaks
  2 basilisks
  2 vampire mosquitoes (D:10)
  5 wargs
  5 water moccasins
  An acid dragon (D:10)
  A hell hound (D:12)
  21 orc warriors
  6 centaurs
  10 wolves
  An ogre (Orc:1)
  A kobold brigand (D:9)
  5 bullfrogs
  2 gnoll sergeants
  A killer bee (D:9)
  A wight (Ossuary)
  A howler monkey (D:11)
  3 jellies
  2 hounds
  Crazy Yiuf (D:5)
  8 orc priests
  3 iguanas
  4 orc wizards
  19 orcs
  2 kobolds (D:9)
221 creatures vanquished.

Vanquished Creatures (others)
  A sky beast (D:7)
  4 ancestors
  31 hexers
  3 gnolls (D:7)
  A bush (Lair:5)
  62 fungi
  78 plants
  27 withered plants (Gauntlet)
207 creatures vanquished.

Grand Total: 978 creatures vanquished

Notes
Turn   | Place    | Note
-------+----------+-------------------------------------------
     0 | D:1      | belegose the Ogre Hedge Wizard began the quest for the Orb.
     0 | D:1      | Reached XP level 1. HP: 16/16 MP: 5/5
   198 | D:1      | Reached skill level 1 in Conjurations
   505 | D:1      | Reached XP level 2. HP: 19/24 MP: 6/6
  2081 | D:2      | Reached XP level 3. HP: 24/24 MP: 8/8
  2396 | D:2      | Reached skill level 1 in Fighting
  2831 | D:2      | Reached XP level 4. HP: 36/38 MP: 10/10
  2883 | D:2      | Learned a level 2 spell: Call Imp
  2886 | D:2      | Learned a level 2 spell: Blink
  2968 | D:2      | Reached skill level 1 in Short Blades
  3102 | D:2      | Reached skill level 1 in Summonings
  3247 | D:2      | Found a faded altar of an unknown god.
  3646 | D:3      | Noticed Jessica
  3650 | D:3      | Killed Jessica
  3651 | D:3      | Reached skill level 2 in Fighting
  3651 | D:3      | Reached XP level 5. HP: 48/49 MP: 11/11
  3676 | D:3      | Found a broken altar of Ashenzari.
  3699 | D:3      | Noticed Sigmund
  4118 | D:3      | Found a glowing drain.
  4138 | Sewer    | Entered a sewer
  4635 | Sewer    | Reached skill level 3 in Fighting
  4635 | Sewer    | Reached XP level 6. HP: 23/61 MP: 8/13
  4949 | D:4      | Noticed Eustachio
  4990 | D:4      | Killed Eustachio
  4991 | D:4      | Reached skill level 5 in Spellcasting
  5131 | D:4      | Reached skill level 4 in Fighting
  5131 | D:4      | Reached XP level 7. HP: 70/70 MP: 10/14
  5298 | D:4      | Found a sand-covered staircase.
  5306 | Ossuary  | Entered an ossuary
  5461 | Ossuary  | Noticed a wraith
  5461 | Ossuary  | Noticed a flying skull
  5468 | Ossuary  | Noticed a flying skull
  5470 | Ossuary  | Noticed a flying skull
  5493 | Ossuary  | Noticed a wraith
  5532 | Ossuary  | Killed a wraith
  5799 | Ossuary  | Noticed a flying skull
  5818 | Ossuary  | Noticed a wraith
  6161 | D:4      | Learned a level 2 spell: Poisonous Vapours
  6315 | D:4      | Reached skill level 5 in Fighting
  6361 | D:4      | Reached XP level 8. HP: 78/80 MP: 16/16
  6527 | D:4      | Reached skill level 1 in Polearms
  6574 | D:4      | Reached skill level 1 in Air Magic
  6574 | D:4      | Reached skill level 1 in Poison Magic
  6719 | D:5      | Entered Level 5 of the Dungeon
  7290 | D:5      | Reached skill level 6 in Fighting
  7572 | D:5      | Found a runed translucent door.
  7573 | D:5      | Noticed Crazy Yiuf
  7597 | D:5      | Killed Crazy Yiuf
  7609 | D:5      | Identified the +6 mace "Muh Ezoc" {holy, Dex+4}
  9066 | D:6      | Learned a level 3 spell: Mephitic Cloud
  9136 | D:6      | Reached skill level 1 in Maces & Flails
  9576 | D:6      | Reached XP level 9. HP: 92/92 MP: 9/17
  9698 | D:6      | Noticed a two-headed ogre
  9748 | D:6      | Killed a two-headed ogre
  9749 | D:6      | Reached skill level 7 in Fighting
 10120 | D:6      | Learned a level 1 spell: Animate Skeleton
 10220 | D:7      | Noticed a hornet
 10334 | D:7      | Found a staircase to the Ecumenical Temple.
 10342 | Temple   | Entered the Ecumenical Temple
 10547 | Temple   | Became a worshipper of Hepliaklqana the Forgotten
 10794 | D:7      | Killed a hornet
 10795 | D:7      | Reached skill level 1 in Necromancy
 10813 | D:7      | Reached skill level 8 in Fighting
 10813 | D:7      | Reached skill level 1 in Shields
 11599 | D:8      | Noticed a tengu warrior
 11805 | D:8      | Noticed a troll
 11817 | D:8      | Killed a troll
 11818 | D:8      | Reached XP level 10. HP: 98/106 MP: 11/19
 12177 | D:8      | Found a staircase to the Lair.
 12269 | D:8      | Killed a tengu warrior
 12409 | D:8      | Found the +27 Lear's hauberk
 12556 | D:8      | Noticed Maurice
 12690 | D:8      | Reached * piety under Hepliaklqana
 12824 | D:8      | Reached skill level 9 in Fighting
 12876 | D:8      | Killed Maurice
 13000 | D:8      | Learned a level 3 spell: Vampiric Draining
 13124 | D:9      | Found Ehaiwot's General Store.
 13403 | D:9      | Noticed Erica
 13439 | D:9      | Killed Erica
 13440 | D:9      | Reached XP level 11. HP: 75/103 MP: 10/22
 13759 | D:9      | Found a staircase to the Orcish Mines.
 14063 | D:9      | Found a runed translucent gate.
 14063 | D:9      | Noticed a seven-headed hydra
 14103 | D:9      | Reached skill level 1 in Invocations
 14222 | D:9      | Noticed a tengu warrior
 14223 | D:9      | Noticed lazarouslive's ghost (novice DDBe)
 14774 | D:9      | Reached skill level 5 in Polearms
 14901 | D:9      | Found a shadowy altar of Dithmenos.
 14901 | D:9      | Noticed a two-headed ogre
 14962 | D:9      | Killed a two-headed ogre
 14963 | D:9      | Reached skill level 10 in Fighting
 15195 | D:9      | Found a runed translucent gate.
 15195 | D:9      | Found a runed translucent gate.
 15328 | D:10     | Entered Level 10 of the Dungeon
 15375 | D:10     | Noticed a two-headed ogre
 15412 | D:9      | Killed a two-headed ogre
 15413 | D:9      | Reached skill level 5 in Conjurations
 15463 | D:10     | Noticed a two-headed ogre
 15480 | D:10     | Killed a two-headed ogre
 15481 | D:10     | Reached skill level 1 in Translocations
 15569 | D:10     | Identified the +1 robe "Meafrel" {rCorr Dex+3 Stlth+}
 15771 | D:10     | Reached ** piety under Hepliaklqana
 15844 | D:10     | Remembered your ancestor Wenzel as a hexer
 15916 | D:10     | Reached skill level 1 in Armour
 16341 | D:10     | Reached skill level 5 in Shields
 17003 | D:10     | Reached XP level 12. HP: 87/115 MP: 23/23
 17048 | D:10     | Reached skill level 11 in Fighting
 17803 | D:11     | Noticed a centaur warrior
 17870 | D:11     | Killed a centaur warrior
 18032 | D:11     | Reached *** piety under Hepliaklqana
 18166 | D:11     | Found a portal to a secret trove of treasure.
 18310 | D:11     | Found an ornate altar of the Wu Jian Council.
 18546 | D:12     | Noticed a two-headed ogre
 18554 | D:12     | Killed a two-headed ogre
 18729 | D:12     | Noticed Fannar
 19071 | Orc:1    | Entered Level 1 of the Orcish Mines
 19081 | Orc:1    | Found Fefuv's Gadget Gallery.
 19929 | Orc:1    | Noticed a two-headed ogre
 19985 | Orc:1    | Killed a two-headed ogre
 20655 | Orc:2    | Entered Level 2 of the Orcish Mines
 20739 | Orc:1    | Reached skill level 5 in Necromancy
 21018 | Orc:2    | Found a staircase to the Elven Halls.
 21674 | Orc:2    | Reached skill level 5 in Air Magic
 22490 | Orc:2    | Reached XP level 13. HP: 97/123 MP: 19/24
 22711 | Orc:2    | Reached **** piety under Hepliaklqana
 22831 | Orc:2    | Noticed Urug
 22911 | Orc:2    | Killed Urug
 23129 | Orc:2    | Found Enuw's Antique Weapon Boutique.
 23129 | Orc:2    | Found Vetuteec's Book Shoppe.
 23131 | Orc:2    | Found Busuippy's Distillery.
 23133 | Orc:2    | Found Aximat's Jewellery Shop.
 23144 | Orc:2    | Bought a potion of attraction for 30 gold pieces
 23144 | Orc:2    | Bought a potion of invisibility for 80 gold pieces
 23144 | Orc:2    | Bought a potion of brilliance for 40 gold pieces
 23150 | Orc:2    | Bought a potion of curing for 30 gold pieces
 23150 | Orc:2    | Bought a potion of curing for 30 gold pieces
 23150 | Orc:2    | Bought a potion of curing for 30 gold pieces
 23150 | Orc:2    | Bought a potion of haste for 100 gold pieces
 23150 | Orc:2    | Bought a potion of curing for 30 gold pieces
 23150 | Orc:2    | Bought a potion of lignification for 30 gold pieces
 23150 | Orc:2    | Bought a potion of lignification for 30 gold pieces
 23150 | Orc:2    | Bought a potion of curing for 30 gold pieces
 23150 | Orc:2    | Bought a potion of resistance for 100 gold pieces
 23155 | Orc:2    | Bought a ring of willpower for 375 gold pieces
 23248 | D:9      | Bought a ring of poison resistance for 260 gold pieces
 23248 | D:9      | Bought a scroll of amnesia for 45 gold pieces
 23248 | D:9      | Bought a scroll of fog for 26 gold pieces
 23248 | D:9      | Bought a scroll of teleportation for 39 gold pieces
 23288 | Lair:1   | Entered Level 1 of the Lair of Beasts
 23451 | Lair:1   | Reached skill level 1 in Throwing
 23572 | Lair:1   | Reached skill level 5 in Poison Magic
 23633 | Lair:1   | Learned a level 4 spell: Summon Lightning Spire
 23896 | Lair:1   | Noticed Fractals's ghost (journeyman KoBe)
 23897 | Lair:1   | Noticed a minotaur
 23915 | Lair:1   | Found a runed translucent gate.
 23915 | Lair:1   | Found a runed translucent gate.
 23915 | Lair:1   | Found a runed translucent gate.
 25690 | Lair:3   | Reached ***** piety under Hepliaklqana
 25720 | Lair:3   | Found a gate leading to a gauntlet.
 25754 | Gauntlet | Entered a Gauntlet
 25754 | Gauntlet | Found a transporter.
 25755 | Gauntlet | Noticed a blizzard demon
 25782 | Gauntlet | Noticed a green death
 25791 | Gauntlet | Found a transporter.
 25807 | Gauntlet | Found a transporter.
 25811 | Gauntlet | Found a transporter.
 25828 | Gauntlet | Found a transporter.
 25841 | Gauntlet | Found a transporter.
 25843 | Gauntlet | Noticed a blizzard demon
 25854 | Gauntlet | Found a transporter.
 25871 | Gauntlet | Found a transporter.
 25875 | Gauntlet | Found a transporter.
 25883 | Gauntlet | Found a transporter.
 25911 | Gauntlet | Found a runed translucent door.
 25913 | Gauntlet | Found a transporter.
 25913 | Gauntlet | Found a transporter.
 25917 | Gauntlet | Found a runed translucent door.
 26073 | Gauntlet | Identified the amulet "Hustru Goyhe" {RegenMP rPois rC-
                  | Str+7 Slay+2}
 26116 | Gauntlet | Noticed a minotaur
 26137 | Gauntlet | Killed a minotaur
 26138 | Gauntlet | Reached skill level 5 in Summonings
 26239 | Lair:3   | Reached skill level 5 in Throwing
 26650 | Lair:3   | Found a staircase to the Snake Pit.
 27589 | Lair:4   | Reached XP level 14. HP: 131/133 MP: 23/25
 27708 | Lair:4   | You fall into a shaft and drop 1 floor!
 27777 | Lair:5   | Found a staircase to the Slime Pits.
 28666 | Lair:4   | Found a staircase to the Shoals.
 28993 | Lair:4   | Reached skill level 1 in Evocations
 30601 | D:12     | Found an iron altar of Okawaru.
 30731 | D:12     | Killed Fannar
 30732 | D:12     | Reached skill level 5 in Invocations
 30858 | D:12     | Noticed Jorgrun
 30974 | D:12     | Killed Jorgrun
 31217 | D:12     | Found a hazy altar of Hepliaklqana.
 31880 | D:12     | Reached ****** piety under Hepliaklqana
 31894 | D:12     | Reached skill level 5 in Dodging
 32306 | D:11     | Reached XP level 15. HP: 119/140 MP: 14/26
 32991 | D:12     | Reached skill level 5 in Evocations
 33778 | Lair:6   | Entered Level 6 of the Lair of Beasts
 34089 | Lair:6   | Noticed Snorg
 34188 | Lair:6   | Killed Snorg
 34500 | Lair:5   | Reached skill level 5 in Armour
 34504 | Lair:5   | Learned a level 3 spell: Swiftness
 34696 | Lair:5   | Reached skill level 12 in Fighting
 35596 | Lair:6   | Reached skill level 13 in Fighting
 35877 | Lair:6   | Noticed Sonja
 35880 | Lair:6   | Noticed Sonja
 35880 | Lair:6   | Sonja changed into Sonja the sky beast
 35884 | Lair:6   | Killed Sonja the sky beast
 35891 | Lair:6   | Identified 2 scrolls of acquirement
 35892 | Lair:6   | Acquired 1055 gold pieces
 36249 | Lair:6   | Identified the +5 ring mail "Emicoalu" {+Blink rN+ rCorr}
 36845 | Orc:2    | Bought a book of Unlife for 504 gold pieces
 36850 | Orc:2    | Learned a level 4 spell: Animate Dead
 37140 | D:13     | Noticed Frances
 37164 | D:13     | Killed Frances
 37658 | D:13     | Noticed Nessos
 37671 | D:13     | Killed Nessos
 37672 | D:13     | Reached XP level 16. HP: 109/153 MP: 29/29
 39124 | D:14     | Found a shimmering blue altar of Sif Muna.
 39536 | D:14     | Found a gate to the Vaults.
 39681 | D:14     | Acquired a staff of air
 39683 | D:14     | Acquired the +9 demon trident of Trauma {elec, Dex+4}
 39717 | D:15     | Entered Level 15 of the Dungeon
 39852 | D:15     | Found a frozen archway.
 39892 | IceCv    | Entered an ice cave
 40087 | IceCv    | Slain by a sixfirhy

Illustrated notes

Levels and vault maps discovered:
D:1:      dpeg_arrival_simpleton_b, layout_loops_corners
D:2:      layout_rooms, chequers_ecumenical_altar_grove,
          amcnicky_mini_pool_small, chequers_serial_rivers_room_a,
          palyth_stone_intersect, st_stairs_4, serial_park_tiny_1
D:3:      layout_loops_ring, ashenzari_altar_1, portal_sewer_entry_b,
          uniq_jessica, uniq_sigmund
D:4:      layout_loops_corners, lightli_ossuary_entry_decrepit_ruins,
          minmay_cut_off, uniq_eustachio
D:5:      layout_loops_ring, uniq_crazy_yiuf_cottage
D:6:      layout_basic
D:7:      layout_basic, minmay_temple_entry_wispy, lemuel_flamethrower_2
D:8:      layout_basic, erik_lair_island, hellmonk_guarded_unrand_lears,
          uniq_maurice
D:9:      minmay_inner_zag, layout_loops_cross, david_orc_2, serial_shops, shop,
          gammafunk_ghost_split, kennysheep_diamond, blue_anna_alchemist,
          uniq_erica
D:10:     layout_roguey [special_room_orc], kennysheep_generic_room_13
D:11:     layout_basic, enter_trove_2, grunt_ministairs_10,
          minmay_misc_feat_iff, pdpol_wu_jian_five_deadly_venoms
D:12:     lemuel_castle_with_subvaults [lemuel_castle_interior_original],
          layout_stronghold, hangedman_feature_mirror, uniq_fannar, uniq_jorgrun
D:13:     layout_basic, minmay_misc_feat_roman, uniq_nessos, uniq_frances
D:14:     layout_layer_cave, erik_vaults_1, chequers_garden,
          nicolae_sif_muna_condensation
D:15:     grunt_enter_depths_snipers, layout_loops_ring,
          portal_ice_cave_entry_ice_statue_two, serial_shops,
          nicolae_shop_behind_doors, nicolae_ru_the_path_less_chosen,
          kiku_gazebo_garden_becter
Temple:   minmay_crystal_snake_temple
Lair:1:   layout_cave_pods, maelrawn_ghost_gauntlet_escape,
          grunt_forest_large_clearings
Lair:2:   layout_chaotic_city
Lair:3:   layout_loops_ring, dummy_snake_entry, gauntlet_entry_generic,
          chequers_serial_rivers_large_a, nzn_sisyphean_effort
Lair:4:   layout_roguey, elwin_shoals_entry_stream,
          nicolae_quartered_pool_little
Lair:5:   statuecave_lemuel, layout_cave_pods, minmay_slime_entry_pillars
Lair:6:   hangedman_lair_tendril_chambers, layout_gridlike, minivault_26,
          uniq_snorg, uniq_sonja
Orc:1:    layout_caves, basic_altar, nicolae_shop_gadgets
Orc:2:    st_orc_rangers, layout_diamond_mine, sword_in_stone
IceCv:    ice_cave_caverns_03

Skill      XL: |  1  2  3  4  5  6  7  8  9 10 11 12 13 14 15 16 |
---------------+-------------------------------------------------+-----
Dodging        | 2 5 |  5.0
Conjurations   | 1 2 3 4 5 |  5.0
Spellcasting   | 4 5 6 7 9 |  9.6
Fighting       | 1 2 3 4 5 6 8 9 10 11 13 | 13.3
Short Blades   | 1 2 3 |  3.2
Summonings     | 1 2 3 6 7 |  7.0
Polearms       | 2 3 4 6 7 8 |  8.6
Air Magic      | 3 4 5 6 7 |  7.0
Poison Magic   | 3 4 5 |  5.0
Maces & Flails | 1 3 |  3.4
Necromancy     | 2 3 4 5 6 8 |  8.3
Shields        | 1 3 5 8 9 |  9.0
Invocations    | 2 6 8 |  8.0
Translocations | 3 4 |  4.0
Armour         | 2 3 5 |  5.0
Throwing       | 6 8 |  8.0
Evocations     | 4 5 |  5.0
Stealth        | |  1.7

Action                   |  1- 3 |  4- 6 |  7- 9 | 10-12 | 13-15 | 16-18 || total
-------------------------+-------+-------+-------+-------+-------+-------++-------
Melee: Dagger            |    49 |       |       |       |       |       ||    49
       Short sword       |    68 |   163 |     1 |       |       |       ||   232
       Falchion          |       |    12 |    62 |       |       |       ||    74
       Spear             |       |       |   127 |       |       |       ||   127
       Mace              |       |       |    74 |    61 |       |       ||   135
       Morningstar       |       |       |     3 |       |       |       ||     3
       Trident           |       |       |    37 |   518 |  1198 |   158 ||  1911
       Demon trident     |       |       |       |       |       |    41 ||    41
Throw: Javelin           |       |       |       |     1 |       |     4 ||     5
       Boomerang         |       |       |       |       |    28 |     2 ||    30
       Dart              |       |       |       |       |       |     1 ||     1
 Cast: Magic Dart        |    61 |    15 |     2 |     1 |     3 |       ||    82
       Call Imp          |       |     8 |    55 |    37 |       |       ||   100
       Poisonous Vapours |       |       |    52 |   216 |   183 |    11 ||   462
       Mephitic Cloud    |       |       |     1 |     4 |    11 |       ||    16
       Vampiric Draining |       |       |       |    10 |    94 |    12 ||   116
       Animate Skeleton  |       |       |       |       |    50 |       ||    50
       Summon Lightning  |       |       |       |       |    25 |     3 ||    28
       Blink             |       |       |       |       |     4 |       ||     4
       Animate Dead      |       |       |       |       |       |     1 ||     1
Invok: Recall Ancestor   |       |       |       |    15 |    16 |     2 ||    33
       Ancestor Life: He |       |       |       |     1 |       |       ||     1
       Idealise          |       |       |       |       |     1 |     1 ||     2
Evoke: Wand              |       |       |     4 |     7 |    30 |    10 ||    51
       Condenser vane    |       |       |       |       |     1 |       ||     1
       Lightning rod     |       |       |       |       |     6 |       ||     6
       Tin of tremorston |       |       |       |       |       |     2 ||     2
  Use: Scroll            |       |       |       |    15 |    11 |     4 ||    30
       Potion            |       |       |       |       |     2 |     1 ||     3
 Stab: Sleeping          |     2 |       |     8 |       |     1 |       ||    11
       Distracted        |       |       |     1 |     8 |    17 |     2 ||    28
       Confused          |       |       |       |     8 |    30 |     1 ||    39
       Petrifying        |       |       |       |       |     1 |       ||     1
       Paralysed         |       |       |       |       |    70 |    29 ||    99
Armor: Robe              |    41 |    79 |    60 |    16 |       |       ||   196
       Acid dragon scale |       |       |       |    84 |       |       ||    84
       Troll leather arm |       |       |       |    30 |   167 |    27 ||   224
Dodge: Dodged            |    68 |    94 |   148 |   372 |   416 |    78 ||  1176
Block: Kite shield       |       |       |       |   119 |   548 |    96 ||   763
       Rpst.: Falchion   |       |     2 |     8 |       |       |       ||    10
